cohdb
Replays
Latest Replays
All Replays
Popular Replays
Top Player Replays
Match Explorer
How It Works
Community
CoH3 Stats
Reddit
Sign in to upload your games and track your stats! →
Sign in with Steam
Match 45604046
Unlisted
Match 45604046
Overview
Messages
Build Orders
End
Kradschützen Motorcycle Team
Panzerpioneer Squad
Panzerpioneer Squad
Panzerpioneer Squad
Construct Light Support Kompanie
Panzerjäger Squad
Panzerpioneer Squad
Selects Italian Infantry
Selects Guastatori Squad
Selects L6/40 Light Tank Combat Group
L6/40 Light Tank Combat Group
Construct Mechanized Kompanie
Panzerjäger Mechanized Group
Guastatori Squad
Fire Support Elements
Guastatori Squad
Construct Panzerarmee Kommand
Selects Towed Cannone da 105/28 Field Howitzer
Armored Reserves
Emergency Repair Kits
Tiger Heavy Tank
Selects Defensive Operations
Selects Prepared Positions
Flak 36 Anti-tank Gun Team
Panzer IV Assault Group
Selects Obice 305mm Barrage
Obice 305mm Barrage
커닝시티택시기사
영국좆사기
nub
oziligath
0
0
Comments
sign in to comment!
No comments posted yet!